 Dungeon Crawl Stone Soup version 0.26-a0-651-gb41185065b (webtiles) character file.

Game seed: 9911134663208381470

772 tof the Skirmisher (level 7, -3/64 HPs)
             Began as a Minotaur Monk on Oct 2, 2020.
             Slain by Duvessa
             ... wielding a +3 short sword
              (7 damage)
             ... on level 4 of the Dungeon.
             The game lasted 00:04:53 (4064 turns).

tof the Skirmisher (Minotaur Monk)                  Turns: 4064, Time: 00:04:53

Health: -3/64      AC:  6    Str: 17    XL:     7   Next: 53%
Magic:  6/6        EV: 13    Int:  7    God:
Gold:   173        SH:  0    Dex: 19    Spells: 6/6 levels left

rFire    . . .     SeeInvis .   a - +0 hand axe
rCold    + . .     Faith    .   (no shield)
rNeg     . . .     Spirit   .   u - +0 ring mail {rC+}
rPois    .         Reflect  .   (helmet restricted)
rElec    .         Harm     .   (no cloak)
rCorr    .         Rampage  .   (no gloves)
MR       .....                  (no boots)
Stlth    ++........             t - amulet of the acrobat
HPRegen  0.20/turn              q - +6 ring of dexterity
MPRegen  0.10/turn              (no ring)

@: no status effects
A: retaliatory headbutt, horns 2
a: no special abilities


You were on level 4 of the Dungeon.
You visited 1 branch of the dungeon, and saw 4 of its levels.

You collected 173 gold pieces.

Inventory:

Hand Weapons
 a - a +0 hand axe (weapon)
Armour
 u - a +0 ring mail of cold resistance (worn)
Jewellery
 q - a +6 ring of dexterity (left hand)
 t - an amulet of the acrobat (around neck)
Scrolls
 c - 3 scrolls of identify
 f - a scroll of random uselessness {unknown}
 g - 4 scrolls of teleportation
 h - 2 scrolls of enchant weapon {unknown}
 i - 2 scrolls of enchant armour {unknown}
 n - 4 scrolls of remove curse
 o - a scroll of amnesia {unknown}
 p - a scroll of immolation {unknown}
Potions
 d - 4 potions of might
 j - a potion of berserk rage {unknown}
 l - a potion of magic {unknown}
 m - 2 potions of curing {unknown}
 r - a potion of haste {unknown}
 s - a potion of mutation {unknown}


   Skills:
 + Level 6.8 Fighting
 + Level 6.7 Axes
 + Level 5.1 Armour
 - Level 3.6 Dodging
 - Level 2.0 Stealth


You had 6 spell levels left.
You didn't know any spells.
Your spell library was empty.

Dungeon Overview and Level Annotations

Branches:
Dungeon (4/15)
 Temple: D:4-7

Altars:
Trog

Annotations:
D:4 Duvessa


Innate Abilities, Weirdness & Mutations

You reflexively headbutt those who attack you in melee.
You have a pair of horns on your head.


Message History

Duvessa is heavily wounded.
Duvessa hits you but does no damage. Duvessa misses you.
You furiously retaliate!
You headbutt Duvessa. You closely miss Duvessa.
Duvessa is severely wounded.
Duvessa barely misses you. You furiously retaliate!
You headbutt Duvessa, but do no damage. You barely miss Duvessa.
Your headbutt misses Duvessa.
Duvessa is severely wounded.
Duvessa barely misses you. You furiously retaliate!
You headbutt Duvessa. You hit Duvessa but do no damage.
Your headbutt misses Duvessa.
Duvessa is severely wounded.
Duvessa hits you with a +3 short sword.
* * * LOW HITPOINT WARNING * * *
Duvessa hits you with a +3 short sword!
* * * LOW HITPOINT WARNING * * *
You hit Duvessa but do no damage. You headbutt Duvessa, but do no damage.
Duvessa is severely wounded.
Duvessa hits you with a +3 short sword!
You die...

#...... #......
#......#########
#.....>.........
........).....#
.......#......#
.......#.#..$.#
.(....e@......#
...###.#..#.########.#.#
...#..#......†.....#
.....#.?.......###.#..
..............(..+
.......###.#.....#
####### #.#.#.###
#.#.#.# #.#.#.#########


You could see Duvessa (berserk).

Vanquished Creatures
  Grinder (D:4)
  Sigmund (D:2)
  Dowan (D:4)
  An orc priest (D:3)
  2 orc wizards (D:4)
  An iguana (D:3)
  4 worker ants (D:4)
  Robin (D:2)
  4 adders
  2 oozes
  A worm (D:2)
  A dart slug (D:1)
  2 leopard geckos
  10 orcs
  8 bats
  5 giant cockroaches
  21 goblins
  4 hobgoblins
  3 jackals (D:4)
  3 quokkas
  6 frilled lizards
  10 kobolds
  5 rats
97 creatures vanquished.

Notes
Turn   | Place    | Note
-------+----------+-------------------------------------------
     0 | D:1      | tof the Minotaur Monk began the quest for the Orb.
     0 | D:1      | Reached XP level 1. HP: 19/19 MP: 0/0
   103 | D:1      | Reached XP level 2. HP: 26/27 MP: 1/1
   415 | D:1      | Reached XP level 3. HP: 33/33 MP: 2/2
   714 | D:2      | Noticed Robin
   888 | D:2      | You fall into a shaft and drop 2 floors!
   899 | D:4      | Reached skill level 1 in Armour
   899 | D:4      | Reached XP level 4. HP: 9/41 MP: 3/3
   906 | D:4      | HP: 2/41 [orc/+0 trident (2)]
   913 | D:4      | HP: 1/41 [poisoned by a worker ant]
  1702 | D:3      | Reached XP level 5. HP: 23/47 MP: 4/4
  1879 | D:3      | Reached skill level 5 in Fighting
  1879 | D:3      | Reached skill level 5 in Axes
  2249 | D:2      | Killed Robin
  2622 | D:2      | Noticed Sigmund
  2636 | D:2      | Killed Sigmund
  2636 | D:2      | Reached XP level 6. HP: 33/57 MP: 5/5
  2928 | D:2      | Found a bloodstained altar of Trog.
  3307 | D:4      | Noticed Grinder
  3310 | D:4      | Paralysed by Grinder for 2 turns
  3328 | D:4      | Paralysed by Grinder for 2 turns
  3332 | D:4      | Killed Grinder
  3332 | D:4      | Reached XP level 7. HP: 30/64 MP: 6/6
  4028 | D:4      | Reached skill level 5 in Armour
  4042 | D:4      | Noticed Dowan
  4045 | D:4      | Noticed Duvessa
  4050 | D:4      | Killed Dowan
  4064 | D:4      | Slain by Duvessa

Illustrated notes

Levels and vault maps discovered:
D:1:      wander_arrival_peaceful_grave, layout_rooms
D:2:      minmay_evil_eye, layout_basic, bloody_trog, uniq_sigmund, uniq_robin
D:3:      layout_basic, kennysheep_small_spiral
D:4:      layout_basic, portal_sewer_entry_f, uniq_grinder, uniq_duvessa

Skill      XL: |  1  2  3  4  5  6  7 |
---------------+----------------------+-----
Fighting       | 4 5 6 |  6.8
Axes           | 4 5 6 |  6.7
Stealth        | 2 |  2.0
Armour         | 1 2 3 4 5 |  5.1
Dodging        | |  3.6

Action                   |  1- 3 |  4- 6 |  7- 9 || total
-------------------------+-------+-------+-------++-------
Melee: Hand axe          |    61 |   147 |    52 ||   260
       Headbutt          |     8 |    26 |    16 ||    50
  Use: Scroll            |       |       |     2 ||     2
 Stab: Sleeping          |     1 |       |       ||     1
Armor: Robe              |    11 |       |       ||    11
       Scale mail        |       |    50 |     8 ||    58
       Ring mail         |       |       |     5 ||     5
Dodge: Dodged            |    46 |   104 |    20 ||   170

Table legend: (Time is in decaauts)
 A = Elapsed time spent in this place.
 B = Non-inter-level travel time spent in this place.
 C = Inter-level travel time spent in this place.
 D = Time resting spent in this place.
 E = Time spent auto-exploring this place.
 F = Levels seen in this place.
 G = Mean time per level.
                   A        B        C        D        E       F      G
               +--------+--------+--------+--------+--------+-----+--------+
         Total |   4085 |   3973 |    112 |   1673 |   1598 |   4 | 1021.2 |
       Dungeon |   4085 |   3973 |    112 |   1673 |   1598 |   4 | 1021.2 |
               +--------+--------+--------+--------+--------+-----+--------+

Top non-repeatable levels by time:
     D:3: 1178 daAuts
     D:4: 1143 daAuts
     D:2: 1092 daAuts
     D:1: 671 daAuts
